Map: King's Cove LE

Players

soul - Winner!

  • Race: Terran Terran
  • League: Grandmaster
  • Spawn Location: 11:00

OGZest (Zest)

  • Race: Protoss Protoss
  • Spawn Location: 5:00

Event: HomeStory Cup XIX

VOD

Have the link to the VOD?

Description

Time

  • Played on: June 28, 2019, 2:18 p.m.
  • Length: 10:38

All games in this series

Show
View Real Time Build Order
Export as new Build Order

soul Terran - Winner!

Build Orders: Gas First Reaper Expand 

Get SALT Encoding   

  12  0:00  SCV  
  13  0:13  SCV  
  14  0:17  Supply Depot  
  14  0:25  SCV  
  15  0:29  Refinery  
  15  0:39  SCV  
  16  0:45  Barracks  
  16  0:51  SCV  
  17  1:03  SCV  
  18  1:15  SCV  
  19  1:34  Orbital Command  
  19  1:35  Reaper  
  20  1:47  Command Center  
  20  1:58  Factory  
  20  2:04  SCV  
  21  2:08  Barracks Reactor  
  21  2:16  SCV  
  21  2:19  Refinery, Supply Depot  
  22  2:28  SCV  
  23  2:40  SCV  
  24  2:47  Marine  
  24  2:48  Marine, Starport  
  25  2:52  Widow Mine, SCV  
  28  3:00  Orbital Command  
  28  3:04  SCV  
  29  3:05  Marine x2  
  31  3:14  Widow Mine  
  31  3:16  SCV  
  34  3:23  Marine  
  34  3:26  Viking, SCV  
  38  3:29  SCV  
  38  3:36  Marine  
  38  3:38  SCV  
  38  3:39  Factory Tech Lab  
  40  3:41  Marine, SCV  
  42  3:50  SCV  
  42  3:53  SCV  
  45  4:02  SCV  
  45  4:05  Supply Depot  
  45  4:08  Starport Tech Lab  
  45  4:10  SCV  
  45  4:15  SCV  
  46  4:18  Siege Tank  
  46  4:19  Marine  
  46  4:22  SCV  
  45  4:26  Marine, Cloaking Field  
  45  4:27  SCV  
  45  4:31  Banshee  
  50  4:34  SCV  
  48  4:40  SCV  
  48  4:41  Supply Depot  
  49  4:46  SCV  
  49  4:47  Marine  
  49  4:48  Marine  
  49  4:52  SCV  
  53  4:57  Supply Depot  
  53  4:58  SCV  
  54  5:02  Siege Tank  
  54  5:04  SCV  
  54  5:05  Marine  
  54  5:06  Marine  
  59  5:11  SCV  
  60  5:16  SCV  
  60  5:18  Banshee, Supply Depot  
  64  5:23  Marine x2, SCV  
  67  5:33  SCV  
  66  5:36  Command Center  
  66  5:41  Marine x2  
  68  5:48  Barracks  
  68  5:49  Barracks  
  68  5:50  Engineering Bay  
  67  5:58  SCV  
  67  5:59  Marine x2, SCV  
  67  6:01  Banshee  
  72  6:10  SCV  
  73  6:11  SCV  
  73  6:16  Marine, Refinery  
  73  6:17  Marine, Refinery  
  74  6:18  Bunker  
  74  6:19  Supply Depot  
  74  6:22  SCV  
  74  6:23  SCV  
  74  6:25  Terran Infantry Weapons Level 1  
  76  6:34  Marine, SCV  
  78  6:40  Marine, SCV  
  78  6:44  Barracks Tech Lab x2, Supply Depot  
  78  6:45  Missile Turret  
  78  6:46  Raven, SCV  
  80  6:48  Supply Depot  
  80  6:51  Orbital Command  
  80  6:53  Marine, SCV  
  82  6:58  Marine  
  83  7:03  Combat Shield, Stimpack  
  83  7:04  Factory Reactor, Marine x2  
  85  7:09  SCV  
  85  7:11  Marine  
  84  7:16  Marine  
  84  7:18  Barracks  
  84  7:21  Barracks, SCV  
  84  7:22  Marine, SCV  
  88  7:24  Marine  
  89  7:33  SCV  
  89  7:34  SCV  
  89  7:36  Marine  
  92  7:38  Marine  
  92  7:40  Orbital Command, Marauder  
  92  7:43  Marauder  
  97  7:45  Widow Mine x2, Starport Reactor, SCV  
  97  7:46  SCV  
  99  7:52  Supply Depot  
  99  7:54  Marine  
  99  7:55  Marine, Supply Depot  
  99  7:56  Bunker  
  99  7:57  SCV  
  99  7:58  SCV  
  103  8:02  Marauder  
  103  8:04  Marauder  
  107  8:06  Barracks Reactor  
  107  8:08  SCV  
  107  8:09  SCV  
  107  8:10  SCV  
  110  8:15  Marine  
  105  8:20  SCV  
  105  8:21  SCV  
  105  8:22  Concussive Shells, SCV  
  105  8:23  Marauder  
  105  8:24  Marine  
  105  8:25  Barracks Reactor  
  105  8:26  Marauder, Medivac  
  105  8:27  Medivac  
  117  8:32  SCV  
  117  8:33  Widow Mine, SCV  
  117  8:34  Widow Mine, SCV  
  123  8:38  Terran Infantry Armor Level 1  
  123  8:40  Marine  
  122  8:42  Marine  
  122  8:45  Marauder  
  122  8:46  Marine  
  122  8:47  Marauder  
  128  8:50  Marine  
  128  8:55  Widow Mine  
  131  8:56  Medivac  
  131  8:59  Marine  
  131  9:02  Marine  
  133  9:10  Marauder  
  133  9:25  Refinery, Supply Depot x2  
  133  9:27  Supply Depot, Medivac x2  
  133  9:28  Widow Mine x2, Supply Depot  
  141  9:37  Marine  
  141  9:39  Marine  
  141  9:46  Marine x4  
  141  9:47  Marauder x2  
  145  9:54  Marine  
  145  9:57  Marine, Medivac x2  
  148  10:04  Marine x4  
  145  10:08  Marauder x2  
  145  10:12  Marine  
  148  10:15  Marine  
  148  10:19  Armory  
  148  10:20  Engineering Bay, Command Center  
Show
View Real Time Build Order
Export as new Build Order

OGZest Protoss 

Build Orders: 1 Gate Expand, Oracle Opening 

Get SALT Encoding   

  12  0:00  Probe  
  13  0:13  Probe  
  14  0:17  Pylon  
  14  0:23  Probe  
  15  0:32  Probe  
  15  0:37  Gateway  
  15  0:40  Probe  
  16  0:46  Assimilator  
  17  0:51  Probe  
  18  1:03  Probe  
  19  1:15  Probe  
  20  1:24  Cybernetics Core  
  20  1:34  Nexus  
  20  1:38  Probe  
  21  1:45  Pylon  
  21  1:50  Probe  
  22  1:54  Assimilator, Adept  
  22  2:08  Pylon  
  24  2:11  Probe  
  24  2:14  Adept  
  25  2:29  Stargate  
  27  2:31  Probe  
  27  2:35  Warp Gate  
  28  2:43  Probe  
  29  2:50  Adept  
  31  2:53  Probe  
  31  2:55  Probe  
  33  3:01  Oracle  
  33  3:05  Probe  
  33  3:07  Probe  
  38  3:17  Probe  
  40  3:20  Probe  
  40  3:27  Oracle  
  40  3:30  Probe  
  44  3:43  Probe x2  
  44  3:44  Gateway  
  44  3:45  Gateway  
  46  3:54  Oracle  
  46  3:55  Probe x2  
  43  4:05  Assimilator  
  43  4:07  Probe x2  
  50  4:30  Pylon  
  41  4:39  Stalker x3  
  41  4:42  Probe  
  41  4:43  Probe, Nexus  
  41  4:44  Pylon  
  49  4:48  Twilight Council  
  49  4:55  Probe x2  
  51  5:07  Stalker x2  
  51  5:08  Stalker  
  51  5:10  Pylon  
  57  5:14  Probe x2  
  57  5:17  Pylon  
  59  5:35  Stalker x3  
  63  5:37  Probe x2  
  67  5:46  Oracle  
  70  5:55  Shield Battery  
  64  6:06  Stalker x3  
  64  6:09  Blink  
  67  6:15  Phoenix  
  66  6:21  Probe  
  66  6:22  Probe  
  70  6:28  Probe  
  71  6:34  Stalker, Probe x2  
  71  6:39  Probe  
  74  6:44  Probe x2  
  72  6:47  Probe  
  72  6:52  Probe x2  
  75  6:55  Probe  
  75  6:57  Stalker  
  75  6:58  Stalker x2  
  84  7:01  Probe x2, Shield Battery  
  84  7:06  Probe  
  84  7:07  Forge  
  87  7:09  Forge  
  87  7:13  Probe x2  
  89  7:18  Probe  
  89  7:20  Shield Battery, Pylon  
  90  7:25  Probe x2  
  91  7:30  Probe  
  91  7:33  Adept x3  
  96  7:37  Probe  
  96  7:38  Probe  
  96  7:41  Protoss Ground Weapons Level 1  
  96  7:42  Probe, Protoss Ground Armor Level 1  
  98  7:50  Probe x2  
  99  7:54  Probe  
  100  7:59  Pylon  
  100  8:02  Probe x2  
  102  8:10  Pylon  
  102  8:24  Probe x2  
  100  8:30  Nexus  
  100  8:36  Charge, Sentry  
  100  8:37  Zealot x2  
  100  8:40  Gateway x2  
  100  8:41  Gateway  
  106  8:43  Gateway  
  106  8:45  Gateway  
  106  8:47  Gateway  
  106  8:54  Templar Archives  
  106  8:57  Gateway  
  106  9:07  Zealot  
  106  9:08  Zealot x2  
  96  9:30  Zealot x3  
  102  9:42  Zealot x5  
  102  9:43  Zealot  
  104  9:55  Zealot x4  
  92  10:03  Zealot x5  
  92  10:04  Zealot  
  94  10:15  Zealot x4  
  96  10:24  Zealot x2  
  96  10:25  Zealot x4  
Tags
 
Add a new tag
Caveats
  • Supply blocks, unpowered buildings, or Contaminate may cause inaccurate times.
  • Supply counts are checked every 10 seconds.